 Dungeon Crawl Stone Soup version 0.20-a0-433-g9e36e56 (webtiles) character file.

100135 cedor the Carver (level 16, -7/151 HPs)
             Began as a Naga Warper on Nov 29, 2016.
             Was the Champion of Ashenzari.
             Mangled by a four-headed hydra (12 damage)
             ... on level 4 of the Swamp on Jan 3, 2017.
             The game lasted 02:57:36 (20195 turns).

cedor the Carver (Naga Warper)                     Turns: 20195, Time: 02:57:37

Health: -7/151     AC: 18    Str: 15    XL:     16   Next: 27%
Magic:  15/25      EV: 17    Int: 20    God:    Ashenzari [******]
Gold:   1315       SH: 25    Dex: 15    Spells: 6/27 levels left

rFire  . . .     SeeInvis +     a - +7 scimitar (flame)
rCold  . . .     Gourm    .     S - +0 troll leather armour
rNeg   . . .     Faith    +     q - +6 large shield (curse)
rPois  +         Spirit   .     w - +0 helmet "Muz Mam" {MR++ rCorr Stlth+} (curse)
rElec  .         Reflect  .     B - +0 cloak
rCorr  +         Harm     .     x - +0 pair of gloves
MR     ++++.     Clarity  +     (no barding)
Stlth  ++++++....               p - amulet of faith (curse) {!P}
                                i - +3 ring of slaying
                                R - +5 ring of protection (curse)

@: agile, studying Evocations, repel missiles, very slow
A: see invisible, deformed body, poison resistance, slowness 2, slow metabolism
1, spit poison 1, constrict 1, AC +5
a: Spit Poison, Curse Item, Scrying, Transfer Knowledge, Renounce Religion


You were on level 4 of the Swamp.
You worshipped Ashenzari.
Ashenzari was exalted by your worship.
You were not hungry.

You visited 3 branches of the dungeon, and saw 25 of its levels.
You also visited: Ossuary and Volcano.

You collected 1615 gold pieces.
You spent 300 gold pieces at shops.


Innate Abilities, Weirdness & Mutations

You cannot wear boots.
Your serpentine skin is tough. (AC +5)
You have supernaturally acute eyesight. (SInv)
Armour fits poorly on your strangely shaped body.
Your system is resistant to poisons. (rPois)
You cover ground very slowly.
You have a slow metabolism.
You can spit poison.
You can use your snake-like lower body to constrict enemies.


   Skills:
 + Level 11.5 Fighting
 - Level 14.0 Long Blades
 - Level 0.8 Throwing
 * Level 8.8 Armour
 + Level 4.7 Dodging
 + Level 8.4 Stealth
 - Level 12.6(15.2) Shields
 - Level 6.2 Spellcasting
 - Level 2.1(4.4) Charms
 - Level 6.0(9.1) Translocations
 + Level 9.2(12.1) Evocations


You had 6 spell levels left.
You knew the following spells:

 Your Spells              Type           Power        Failure   Level  Hunger
a - Shroud of Golubria    Chrm/Tloc      ####......   1%          2    None
b - Blink                 Tloc           N/A          1%          2    None
r - Repel Missiles        Chrm/Air       ###...       10%         2    None
s - Swiftness             Chrm/Air       ###.....     10%         2    None
w - Passage of Golubria   Tloc           N/A          2%          4    ####...
x - Portal Projectile     Tloc           #####.       1%          3    ##.....
y - Lesser Beckoning      Tloc           #####.....   1%          3    ##.....
z - Teleport Other        Tloc           #####...     1%          3    ##.....

Inventory:

Hand Weapons
 a - a +7 scimitar of flaming (weapon)
 v - a +0 blowgun
Missiles
 e - 5 tomahawks of dispersal {=f}
 n - 6 javelins (quivered)
 N - 5 throwing nets {=f}
 W - 3 curare-tipped needles {=f}
Armour
 q - a cursed +6 large shield (worn)
 t - a +3 ring mail of fire resistance
 w - the cursed +0 helmet "Muz Mam" (worn) {MR++ rCorr Stlth+}

   It affects your resistance to hostile enchantments.
   It protects you from acid and corrosion.
   It makes you more stealthy.
   It has a curse placed upon it.
 x - a +0 pair of gloves (worn)
 B - a +0 cloak (worn)
 I - +0 ice dragon scales
 S - a +0 troll leather armour (worn)
Magical Staves
 s - a cursed staff of summoning
Jewellery
 i - a +3 ring of slaying (right hand)
 p - a cursed amulet of faith (around neck) {!P}
 A - an uncursed ring of protection from fire
 C - an uncursed ring of ice
 K - a +3 amulet of reflection
 R - a cursed +5 ring of protection (left hand)
 V - an uncursed ring of protection from cold
Wands
 g - a wand of flame (9/48)
 m - a wand of confusion (14/48)
 J - a wand of digging (3/24)
 O - a wand of polymorph (0/24)
 Q - a wand of paralysis (12/24)
Scrolls
 b - 4 scrolls of magic mapping
 c - 2 scrolls of recharging
 d - a scroll of fog
 h - 2 scrolls of fear
 y - 3 scrolls of identify {@r1}
 z - a scroll of teleportation {@r4}
 M - a scroll of enchant weapon
 T - a scroll of amnesia
Potions
 j - 2 potions of resistance
 k - 2 potions of agility
 l - 4 potions of might
 r - a potion of ambrosia
 u - 2 potions of haste {@q3}
 D - a potion of invisibility
 E - 14 potions of curing {@q1}
 F - 5 potions of lignification {!q}
 G - 9 potions of flight
 H - 7 potions of heal wounds {@q2}
 P - 3 potions of brilliance
 Z - a potion of cancellation
Books
 L - a book of the Sky

   Spells                             Type                      Level
   a - Summon Lightning Spire         Summoning/Air                4
   b - Airstrike                      Air                          4
   c - Silence                        Hexes/Air                    5
   d - Deflect Missiles               Charms/Air                   6
   e - Conjure Ball Lightning         Conjuration/Air              6
   f - Tornado                        Air                          9
 X - a manual of Evocations {!d}
Comestibles
 f - 9 bread rations
 o - 8 meat rations

Dungeon Overview and Level Annotations

Branches:
Dungeon (15/15)            Temple (0/1) D:7            Lair (6/6) D:9
  Swamp (4/4) Lair:4       Spider (0/4) Lair:3          Orc (0/2) D:9
 Vaults (0/5) D:14         Depths (0/5) D:15
  Slime: Lair:5-6

Altars:
Ashenzari
Dithmenos
Fedhas
Gozag
Hepliaklqana
Nemelex Xobeh
Ru
Sif Muna
Trog
Vehumet
Xom
Yredelemnul
Zin

Shops:
D:10 [   D:11 *   D:15 %*(:

Annotations:
D:4 Grinder
Lair:2 exclusion: 3 oklob plants

#≈≈w≈♣♣ ░ ≈ ,≈≈ ♣......[♣†≈≈
.≈≈≈D{♣♣ ░≈ ░ ░ ░ ░ ♣.≈≈≈††.≈≈≈≈
≈≈≈≈≈≈{♣ ░░ ♣.≈≈...≈≈≈≈≈
.≈≈..^≈♣♣♣♣♣♣♣ ♣♣♣.≈.†≈.≈≈≈≈≈
≈≈....≈l≈#≈†.♣♣♣♣♣♣♣≈≈≈≈≈...≈≈≈≈≈
≈.♣≈.w.Dl≈..w≈.≈≈≈#≈≈≈≈≈≈≈..≈≈≈≈≈
.≈♣♣≈!.l≈≈♣..≈≈≈≈≈..≈≈≈≈....≈≈≈≈.
, ░♣♣≈≈≈♣♣♣♣.#≈l≈..≈≈≈...♣♣♣♣≈..♣
≈ ░ ♣♣≈♣♣ ♣≈≈wlN##≈≈≈♣♣♣♣♣♣†..♣♣
≈ ░ ♣♣♣ ♣≈.#D##≈≈≈.♣ ♣♣.≈.♣♣ ≈≈
♣♣##♣.≈#≈..♣♣♣♣≈♣.≈♣ ░
♣♣♣♣♣)....≈≈≈≈≈♣♣♣♣ ░
♣≈.≈≈≈≈≈≈≈♣♣ ≈ ░ ♣♣♣♣≈≈≈≈.≈♣ ░ ≈
░░ ♣♣♣.#≈≈♣♣♣ ░,≈ ♣♣♣≈≈.≈≈.♣ ░ ░
♣≈..≈.≈≈.♣♣♣


You could see a four-headed hydra, 2 swamp worms and 2 swamp drakes.


Message History

You block the five-headed hydra's attack. x2
The five-headed hydra bites you!
* * * LOW HITPOINT WARNING * * *
The five-headed hydra completely misses you.
The five-headed hydra bites you but does no damage.
The swamp drake breathes noxious fumes at you.
The noxious blast engulfs you!
The swamp drake breathes noxious fumes at you.
The noxious blast engulfs you!
You feel much better.
The five-headed hydra bites you but does no damage.
You block the five-headed hydra's attack.
The five-headed hydra misses you.
You block the five-headed hydra's attack.
The five-headed hydra bites you.
* * * LOW HITPOINT WARNING * * *
The swamp drake barely misses you. The swamp drake bites you.
* * * LOW HITPOINT WARNING * * *
Unknown command.
You hack one of the five-headed hydra's heads off!
The flame cauterises the wound!
You slash the four-headed hydra! You burn the four-headed hydra.
The four-headed hydra is severely wounded.
The four-headed hydra bites you!
* * * LOW HITPOINT WARNING * * *
You block the four-headed hydra's attack.
The four-headed hydra bites you!
* * * LOW HITPOINT WARNING * * *
The four-headed hydra bites you!
You die...

Action                   |  1- 3 |  4- 6 |  7- 9 | 10-12 | 13-15 | 16-18 || total
-------------------------+-------+-------+-------+-------+-------+-------++-------
Melee: Falchion          |    58 |   177 |   433 |    58 |       |       ||   726
       Scimitar          |       |       |       |   617 |  1191 |   132 ||  1940
       Constrict         |       |       |       |       |   203 |    18 ||   221
Throw: Stone             |     3 |    16 |    20 |     4 |       |       ||    43
       Tomahawk          |       |       |       |     5 |     6 |       ||    11
       Javelin           |       |       |       |       |     4 |     1 ||     5
 Cast: Shroud of Golubri |     2 |    16 |    36 |    23 |    12 |     1 ||    90
       Blink             |       |     1 |       |     5 |    21 |     3 ||    30
       Teleport Other    |       |       |     5 |     3 |     1 |       ||     9
       Lesser Beckoning  |       |       |       |     5 |    43 |     7 ||    55
       Swiftness         |       |       |       |       |     4 |       ||     4
       Repel Missiles    |       |       |       |       |     3 |       ||     3
       Portal Projectile |       |       |       |       |     1 |       ||     1
       Passage of Golubr |       |       |       |       |       |     6 ||     6
Invok: Curse Item        |       |       |     2 |     1 |       |       ||     3
 Abil: Spit Poison       |     8 |    26 |    38 |    23 |    11 |       ||   106
Evoke: Wand              |       |     2 |    11 |    14 |    16 |     2 ||    45
       Box of beasts     |       |       |       |       |     1 |       ||     1
  Use: Scroll            |       |     6 |    13 |    18 |    12 |       ||    49
       Potion            |       |       |     4 |     3 |     6 |     2 ||    15
 Stab: Sleeping          |     4 |     5 |    11 |    14 |    29 |       ||    63
       Distracted        |       |     1 |       |     1 |     1 |       ||     3
       Paralysed         |       |       |     8 |       |     1 |       ||     9
  Eat: Chunk             |       |     8 |    11 |    10 |    19 |       ||    48
       Pizza             |       |       |     1 |     1 |       |       ||     2
       Bread ration      |       |       |     1 |       |     1 |       ||     2
       Beef jerky        |       |       |     1 |     6 |       |       ||     7
       Meat ration       |       |       |       |       |       |     1 ||     1
Armor: Leather armour    |    14 |    68 |   248 |    10 |       |       ||   340
       Troll leather arm |       |       |       |   188 |   315 |    65 ||   568
       Ice dragon scales |       |       |       |    17 |     8 |       ||    25
Dodge: Dodged            |    29 |    91 |   217 |   200 |   246 |    88 ||   871
       Deflected         |       |       |       |       |     2 |       ||     2
Block: Large shield      |       |       |       |   394 |  1164 |   201 ||  1759
       Shield            |       |       |       |    26 |       |       ||    26
       Rpst.: Falchion   |    11 |    38 |    60 |     3 |       |       ||   112
       Scimitar          |       |       |       |    47 |    59 |     7 ||   113

Vault maps used:
D:1:      sevenhm_arrival_forest_fort_large_4, due_unseen_surprise
D:2:      uniq_robin, uniq_crazy_yiuf_cottage, uniq_jessica, uniq_natasha
D:3:      chequers_ecumenical_altar_twisty, first_bread, uniq_sigmund
D:4:      nicolae_overflow_crystal_walls, hangedman_abyss_or_decor_lesser_grid,
          nicolae_ru_awakened_eye, uniq_menkaure, uniq_grinder
D:5:      overflow_temple_1_default, old_standard_altar, grunt_dithmenos_smoke
D:6:      kennysheep_little_box
D:7:      chequers_temple_overflow_minitemple, tgw_sif, grunt_ogre_cave,
          eino_jars, uniq_joseph
D:8:      lemuel_coloured_pillars_altar, lemuel_round_altar, enter_ossuary_3,
          uniq_erica
D:9:      lair_entry_dummy, hiddenorc1_lemuel, uniq_grum, uniq_prince_ribbit1,
          uniq_pikel
D:10:     serial_shops, nicolae_shop_overgrown_old_shop
D:11:     serial_shops, nicolae_shop_stone, special_room,
          hangedman_abyss_or_decor_stagger
D:13:     grunt_ministairs_9, uniq_sonja, uniq_josephine
D:14:     hangedman_vaults_entry_quadrant_bands, serial_bayou_pond_c,
          bh_walls_and_bars
D:15:     hangedman_depths_entry_try_elsewhere_first, minmay_misc_feat_tiny,
          serial_shops, shop, nicolae_shop_window_shopping, shop_statue,
          nicolae_shop_crystal, xom_shifter_show
Lair:1:   nicolae_quartered_pool_little, serial_bayou_shore_b,
          grunt_megastairs_1
Lair:2:   enter_volcano_1, minmay_lair_oklob_chamber, uniq_gastronok,
          uniq_fannar, uniq_harold
Lair:3:   spider_nest_entry_rubble, infiniplex_staircase_pool
Lair:4:   nicolae_swamp_entry_splash_gauntlet, grunt_forest_large_clearings,
          lemuel_fruit_fields
Lair:5:   statuecave_lemuel, serial_bayou_lake_a
Lair:6:   due_jungle_book, minmay_slime_entry_oklob_open, uniq_nessos
Swamp:1:  hangedman_swamp_ruin_wall, uniq_kirke
Swamp:2:  nicolae_swamp_fairy_circle
Swamp:3:  evilmike_swamp_ruin_house_3
Swamp:4:  swamp_basic_johnstein, swamp_pool2
Ossuary:  ossuary_minmay_scorpions
Volcano:  volcano_pools

Notes
Turn   | Place    | Note
-------+----------+-------------------------------------------
     0 | D:1      | cedor the Naga Warper began the quest for the Orb.
     0 | D:1      | Reached XP level 1. HP: 19/19 MP: 3/3
   109 | D:1      | Reached skill level 1 in Stealth
   346 | D:1      | Reached XP level 2. HP: 22/26 MP: 5/5
   353 | D:1      | Learned a level 2 spell: Blink
   357 | D:1      | Learned a level 2 spell: Shroud of Golubria
   405 | D:1      | Reached skill level 2 in Stealth
   633 | D:1      | Reached XP level 3. HP: 28/32 MP: 6/6
   844 | D:2      | Noticed Natasha
   854 | D:2      | Killed Natasha
   854 | D:2      | Reached skill level 3 in Long Blades
   854 | D:2      | Reached skill level 3 in Stealth
   908 | D:2      | Reached XP level 4. HP: 38/39 MP: 7/7
   966 | D:2      | Noticed Robin
   991 | D:2      | Killed Robin
  1155 | D:2      | Reached skill level 1 in Shields
  1190 | D:2      | Reached skill level 4 in Long Blades
  1190 | D:2      | Reached XP level 5. HP: 29/45 MP: 1/8
  1319 | D:2      | Noticed Natasha
  1331 | D:2      | Killed Natasha
  1613 | D:2      | Noticed Natasha
  1618 | D:2      | Killed Natasha
  1669 | D:2      | Found a runed door.
  1708 | D:2      | Noticed Crazy Yiuf
  1716 | D:2      | Killed Crazy Yiuf
  1716 | D:2      | Reached XP level 6. HP: 15/52 MP: 5/9
  1800 | D:2      | Noticed Jessica
  1811 | D:2      | Killed Jessica
  1879 | D:2      | Reached skill level 5 in Long Blades
  1962 | D:3      | Reached skill level 2 in Shields
  2047 | D:3      | Reached skill level 1 in Charms
  2169 | D:3      | Found a faded altar of an unknown god.
  2438 | D:3      | Noticed Sigmund
  2517 | D:4      | Noticed Menkaure
  2530 | D:4      | Killed Menkaure
  2530 | D:4      | Reached skill level 2 in Charms
  2530 | D:4      | Reached XP level 7. HP: 46/60 MP: 6/10
  2567 | D:4      | Learned a level 3 spell: Teleport Other
  2638 | D:4      | Got a crude short sword
  2639 | D:4      | Identified the cursed +3 short sword of Ubuom Tule {freeze, rN+ Str+2 Dex-2} (You found it on level 4 of the Dungeon)
  2680 | D:4      | Found a sacrificial altar of Ru.
  2780 | D:4      | Found a basalt altar of Yredelemnul.
  2887 | D:3      | Became a worshipper of Ashenzari the Shackled
  2887 | D:3      | Reached * piety under Ashenzari
  3050 | D:4      | Noticed Grinder
  3091 | D:5      | Entered Level 5 of the Dungeon
  3216 | D:5      | Found a shadowy altar of Dithmenos.
  3366 | D:5      | Reached skill level 6 in Long Blades
  3593 | D:5      | Found an opulent altar of Gozag.
  3743 | D:5      | Reached skill level 3 in Shields
  3816 | D:5      | Found a hazy altar of Hepliaklqana.
  3974 | D:6      | Found a blossoming altar of Fedhas.
  4025 | D:6      | Reached XP level 8. HP: 43/67 MP: 8/11
  4052 | D:6      | Reached ** piety under Ashenzari
  4269 | D:6      | Reached skill level 4 in Translocations
  4420 | D:6      | Reached skill level 7 in Long Blades
  4547 | D:6      | Got the uncursed helmet "Muz Mam" {MR++ rCorr Stlth+}
  4558 | D:6      | Identified the +0 helmet "Muz Mam" {MR++ rCorr Stlth+} (You found it on level 6 of the Dungeon)
  4681 | D:6      | Learned a level 3 spell: Lesser Beckoning
  4926 | D:6      | HP: 2/67 [orc priest/hand axe of electrocution (18)]
  5233 | D:7      | Noticed a hippogriff
  5348 | D:7      | Noticed Joseph
  5349 | D:7      | Noticed Joseph
  5349 | D:7      | Joseph changed into Joseph the meliai
  5351 | D:7      | Noticed Joseph
  5351 | D:7      | Joseph the meliai changed into Joseph the unseen horror
  5592 | D:6      | Killed Joseph the unseen horror
  5592 | D:6      | Reached skill level 8 in Long Blades
  5592 | D:6      | Reached skill level 4 in Shields
  5592 | D:6      | Reached skill level 5 in Translocations
  5592 | D:6      | Reached XP level 9. HP: 47/73 MP: 8/12
  5709 | D:6      | HP: 6/73 [killer bee (6)]
  6064 | D:7      | Identified a scroll of acquirement
  6064 | D:7      | Identified the Catalogue of the Fetching Mountains (You acquired it on level 7 of the Dungeon)
  6441 | D:7      | Found a staircase to the Ecumenical Temple.
  6476 | D:7      | Found a deep blue altar of Sif Muna.
  6573 | D:7      | Reached skill level 9 in Long Blades
  6861 | D:7      | Found a radiant altar of Vehumet.
  6861 | D:7      | Found a shimmering altar of Xom.
  6872 | D:7      | Reached skill level 3 in Spellcasting
  6877 | D:7      | Found a sparkling altar of Nemelex Xobeh.
  6879 | D:7      | Found a faded altar of an unknown god.
  6880 | D:7      | Found a glowing silver altar of Zin.
  7098 | D:8      | Noticed a troll
  7140 | D:8      | Reached skill level 5 in Shields
  7140 | D:8      | Reached skill level 6 in Translocations
  7168 | D:8      | Found a sand-covered staircase.
  7169 | D:8      | Reached *** piety under Ashenzari
  7179 | Ossuary  | Entered an ossuary
  7285 | Ossuary  | Reached skill level 4 in Stealth
  7495 | Ossuary  | Reached skill level 3 in Fighting
  7502 | Ossuary  | Reached XP level 10. HP: 57/84 MP: 14/14
  7592 | D:8      | Upgraded the game from 0.20-a0-222-gb69ddcd to 0.20-a0-251-g16a58bf
  7616 | D:8      | Noticed Erica
  7639 | D:8      | Killed Erica
  7639 | D:8      | Reached skill level 10 in Long Blades
  7639 | D:8      | Reached skill level 5 in Stealth
  7700 | D:8      | Learned a level 4 spell: Passage of Golubria
  7738 | D:8      | Found a bloodstained altar of Trog.
  7880 | D:8      | Noticed Protee's ghost (novice HOFi)
  7897 | D:9      | Reached skill level 1 in Evocations
  7909 | D:9      | Reached skill level 4 in Fighting
  8357 | D:9      | Reached skill level 6 in Shields
  8359 | D:9      | Noticed Pikel
  8390 | D:10     | Entered Level 10 of the Dungeon
  8557 | D:10     | Reached skill level 2 in Evocations
  8597 | D:10     | Found Qoatir's Antique Armour Shoppe.
  9059 | D:10     | Reached skill level 3 in Evocations
  9189 | D:10     | Reached **** piety under Ashenzari
  9262 | D:9      | Found a staircase to the Orcish Mines.
  9265 | D:9      | Reached XP level 11. HP: 55/93 MP: 15/15
  9276 | D:9      | Reached skill level 5 in Fighting
  9374 | D:10     | Bought a shield for 108 gold pieces
  9374 | D:10     | Bought a pair of gloves for 108 gold pieces
  9477 | D:11     | Reached skill level 7 in Shields
  9511 | D:11     | Noticed an unseen horror
  9523 | D:11     | Killed an unseen horror
  9553 | D:11     | Reached skill level 11 in Long Blades
  9593 | D:11     | Noticed a cyclops
  9604 | D:11     | Killed a cyclops
  9909 | D:11     | Found Kennuepp's General Store.
  9917 | D:11     | Bought 3 scrolls of identify for 84 gold pieces
  9944 | D:11     | Noticed a cyclops
  9950 | D:11     | Killed a cyclops
  9950 | D:11     | Reached skill level 6 in Fighting
  9950 | D:11     | Reached skill level 8 in Shields
  9979 | D:11     | Noticed an unseen horror
  9996 | D:11     | Killed an unseen horror
 10094 | D:11     | Noticed a hill giant
 10108 | D:11     | Killed a hill giant
 10197 | D:11     | Reached ***** piety under Ashenzari
 10216 | D:11     | Noticed a hill giant
 10220 | D:11     | Noticed a brown ugly thing
 10231 | D:11     | Killed a hill giant
 10246 | D:11     | Killed a brown ugly thing
 10336 | D:10     | Killed Pikel
 10429 | D:9      | Reached skill level 9 in Shields
 10429 | D:9      | Reached XP level 12. HP: 79/106 MP: 16/16
 10541 | D:9      | Found a staircase to the Lair.
 10544 | D:9      | Noticed Grum
 10545 | D:9      | Noticed Prince Ribbit
 10548 | D:9      | Reached skill level 7 in Fighting
 10588 | D:9      | Killed Prince Ribbit
 10590 | D:9      | Killed Grum
 10732 | Lair:1   | Entered Level 1 of the Lair of Beasts
 10833 | Lair:1   | Noticed a six-headed hydra
 10844 | Lair:1   | Killed a one-headed hydra
 10963 | Lair:1   | Reached skill level 12 in Long Blades
 11133 | Lair:1   | Reached skill level 1 in Armour
 11277 | Lair:1   | Learned a level 3 spell: Portal Projectile
 11337 | Lair:1   | Reached skill level 8 in Fighting
 11413 | Lair:1   | Noticed a seven-headed hydra
 11440 | Lair:1   | Killed a two-headed hydra
 11440 | Lair:1   | Reached skill level 10 in Shields
 11630 | Lair:2   | Noticed Fannar
 11682 | Lair:2   | Found a dark tunnel.
 11693 | Volcano  | Entered a volcano
 11765 | Volcano  | Reached skill level 2 in Armour
 11787 | Volcano  | Noticed a hell hog
 11807 | Volcano  | Killed a hell hog
 11878 | Volcano  | Noticed a fire dragon
 11906 | Volcano  | Killed a fire dragon
 12203 | Lair:2   | Noticed Gastronok
 12210 | Lair:2   | Noticed an eight-headed hydra
 12227 | Lair:2   | Killed a four-headed hydra
 12246 | Lair:2   | Killed Gastronok
 12246 | Lair:2   | Reached skill level 3 in Armour
 12246 | Lair:2   | Gained mutation: You can use your snake-like lower body to constrict enemies. [Naga growth]
 12246 | Lair:2   | Reached XP level 13. HP: 73/118 MP: 13/17
 12575 | Lair:2   | Killed Fannar
 12896 | Lair:2   | Reached skill level 11 in Shields
 12941 | Lair:2   | Noticed Harold
 12960 | Lair:2   | Killed Harold
 12960 | Lair:2   | Reached skill level 9 in Fighting
 12987 | Lair:2   | Reached skill level 4 in Armour
 13044 | Lair:3   | Found a hole to the Spider Nest.
 13410 | Lair:4   | Reached skill level 13 in Long Blades
 13506 | Lair:4   | Identified 2 potions of resistance
 13539 | Lair:6   | Entered Level 6 of the Lair of Beasts
 13582 | Lair:6   | Upgraded the game from 0.20-a0-251-g16a58bf to 0.20-a0-263-g81abdfb
 13599 | Lair:6   | Reached skill level 4 in Spellcasting
 13679 | Lair:6   | Reached skill level 5 in Armour
 13755 | Lair:6   | Reached ****** piety under Ashenzari
 13802 | Lair:6   | Reached XP level 14. HP: 130/130 MP: 20/20
 13906 | Lair:6   | Noticed a dire elephant
 13924 | Lair:6   | Killed a dire elephant
 13955 | Lair:6   | Noticed a dire elephant
 13955 | Lair:6   | Noticed a dire elephant
 14001 | Lair:6   | Killed a dire elephant
 14005 | Lair:6   | HP: 7/130 [dire elephant (16)]
 14017 | Lair:6   | Killed a dire elephant
 14050 | Lair:6   | Got the fustibalus of Valiance {flame, rF+++ Str+5 Stlth-}
 14127 | Lair:6   | Noticed Nessos
 14159 | Lair:6   | Killed Nessos
 14159 | Lair:6   | Reached skill level 10 in Fighting
 14356 | Lair:3   | Reached skill level 12 in Shields
 14544 | Lair:2   | Learned a level 2 spell: Repel Missiles
 14547 | Lair:2   | Learned a level 2 spell: Swiftness
 14670 | D:8      | Killed Protee's ghost
 14803 | D:3      | Killed Sigmund
 15105 | Lair:6   | Noticed a dire elephant
 15118 | Lair:6   | Noticed a dire elephant
 15590 | D:11     | Reached skill level 5 in Spellcasting
 16013 | D:12     | Got the long sword of the Chickpea {venom, Fragile rElec Int+3 SInv}
 16194 | D:13     | Reached skill level 6 in Armour
 16214 | D:13     | Noticed Sonja
 16224 | D:13     | Killed Sonja
 16523 | D:14     | Reached skill level 6 in Stealth
 16536 | D:14     | Reached skill level 4 in Evocations
 16890 | D:14     | Reached XP level 15. HP: 123/140 MP: 13/23
 16919 | D:14     | Reached skill level 7 in Stealth
 16932 | D:14     | Reached skill level 5 in Evocations
 16940 | D:14     | Reached skill level 6 in Spellcasting
 17023 | D:14     | Found a gate to the Vaults.
 17063 | D:15     | Entered Level 15 of the Dungeon
 17093 | D:15     | Found Fyxzifoh's Weapon Shoppe.
 17307 | D:15     | Found a staircase to the Depths.
 17338 | D:15     | Reached skill level 14 in Long Blades
 17338 | D:15     | Reached skill level 6 in Evocations
 17406 | D:15     | Found Ygiaraj's Book Emporium.
 17408 | D:15     | Found a shimmering altar of Xom.
 17408 | D:15     | Found a shimmering altar of Xom.
 17412 | D:15     | Found a shimmering altar of Xom.
 17538 | D:15     | Found Weisum's Food Emporium.
 17615 | D:15     | Found Toffoavo's General Store.
 17646 | D:15     | Reached skill level 7 in Armour
 17646 | D:15     | Reached skill level 2 in Dodging
 17715 | D:15     | Upgraded the game from 0.20-a0-263-g81abdfb to 0.20-a0-266-gdedccd6
 18137 | Lair:3   | Reached skill level 7 in Evocations
 18500 | Lair:4   | Reached skill level 3 in Dodging
 18571 | Lair:4   | Found a staircase to the Swamp.
 18601 | Swamp:1  | Entered Level 1 of the Swamp
 18607 | Swamp:1  | Reached skill level 11 in Fighting
 18840 | Swamp:1  | Upgraded the game from 0.20-a0-266-gdedccd6 to 0.20-a0-428-g059cf21
 18964 | Swamp:2  | Reached skill level 8 in Evocations
 19006 | Swamp:2  | Noticed a thorn hunter
 19018 | Swamp:2  | Killed a thorn hunter
 19018 | Swamp:2  | Reached skill level 8 in Armour
 19259 | Swamp:3  | Reached skill level 4 in Dodging
 19549 | Swamp:3  | Reached XP level 16. HP: 150/150 MP: 25/25
 19601 | Swamp:4  | Entered Level 4 of the Swamp
 19863 | Swamp:4  | Upgraded the game from 0.20-a0-428-g059cf21 to 0.20-a0-433-g9e36e56
 19931 | Swamp:4  | Reached skill level 8 in Stealth
 19931 | Swamp:4  | Reached skill level 9 in Evocations
 20171 | Swamp:4  | Noticed a thorn hunter
 20195 | Swamp:4  | HP: 5/151 [four-headed hydra (14)]
 20195 | Swamp:4  | Mangled by a four-headed hydra

Vanquished Creatures
  Gastronok (Lair:2)
  Nessos (Lair:6)
  4 dire elephants
  An ogre mage (D:14)
  A great orb of eyes (D:15)
  19 hydras
  Harold (Lair:2)
  Fannar (Lair:2)
  Erica (D:8)
  5 centaur warriors
  An anaconda (Lair:6)
  The ghost of Protee the Cleaver, a novice HOFi of Uskayaw (D:8)
  6 alligators
  A tengu warrior (D:14)
  Sonja (D:13)
  5 skeletal warriors (D:14)
  3 unseen horrors
  2 spriggan druids
  4 removed MONS_HILL_GIANTs
  A lindwurm (Lair:6)
  3 swamp dragons
  2 wolf spiders
  An orc knight (D:14)
  Pikel (D:10)
  3 cyclopes
  6 ugly things
  A manticore (D:14)
  14 elephants
  2 black mambas
  A gargoyle (D:14)
  10 spiny frogs
  6 komodo dragons
  A kobold demonologist (D:14)
  5 rime drakes
  2 efreet (D:14)
  A tengu conjurer (D:14)
  A tyrant leech (Swamp:4)
  3 trolls
  A hornet (D:12)
  6 two-headed ogres
  A polar bear (Lair:4)
  4 bog bodies
  6 slime creatures (D:15)
  7 blink frogs
  Prince Ribbit (D:9)
  14 dream sheep (Lair:6)
  6 hippogriffs
  Sigmund (D:3)
  A spriggan (Swamp:2)
  A vampire (D:12)
  43 yaks
  5 basilisks
  2 wyverns
  2 wraiths
  2 fire bats (Volcano)
  2 hungry ghosts
  Grum (D:9)
  15 vampire mosquitoes
  13 swamp worms
  3 soldier ants
  Menkaure (D:4)
  An acid dragon (D:13)
  10 water moccasins
  2 hell hounds (Volcano)
  13 porcupines
  2 black bears (D:10)
  5 orc warriors
  2 slaves
  A phantom (D:11)
  7 swamp drakes
  A hornet zombie (D:6)
  5 sky beasts
  4 ice beasts
  3 eyes of draining
  36 wolves
  8 ogres
  A wolf (shapeshifter) (D:14)
  15 centaurs
  5 crocodiles
  2 big kobolds
  20 bullfrogs
  10 scorpions
  8 killer bees
  3 wights
  5 howler monkeys
  2 electric eels
  2 centaur zombies (Ossuary)
  9 crimson imps
  A bullfrog zombie (D:8)
  8 orc priests
  A gnoll shaman (D:6)
  5 hounds
  4 jellies
  A human zombie (Ossuary)
  2 bullfrog skeletons
  10 orc wizards
  Crazy Yiuf (D:2)
  6 iguanas
  Jessica (D:2)
  9 centaur skeletons
  Natasha (thrice) (D:2)
  5 worker ants
  A big kobold zombie (Ossuary)
  A hound skeleton (D:4)
  3 mummies (Ossuary)
  A worker ant zombie (D:10)
  Robin (D:2)
  7 gnolls
  6 scorpion zombies (Ossuary)
  12 adders
  9 shadow imps
  An ooze (D:10)
  An adder skeleton (D:6)
  An adder zombie (D:5)
  3 worms
  5 dart slugs
  8 leopard geckos
  46 orcs
  6 bats
  6 giant cockroaches
  A gnoll zombie (Ossuary)
  7 goblins
  9 hobgoblins
  14 jackals
  4 quokkas
  2 ball pythons
  A frilled lizard (D:2)
  2 hobgoblin zombies (Ossuary)
  A jackal skeleton (D:5)
  15 kobolds
  4 kobold zombies
  A leopard gecko skeleton (D:7)
  A leopard gecko zombie (D:6)
  A quokka zombie (D:7)
  5 rats
  2 plants (Lair:6)
688 creatures vanquished.

Vanquished Creatures (collateral kills)
  A thorn hunter (Swamp:2)
  A hell hog (Volcano)
  2 spiny frogs
  A komodo dragon (Lair:4)
  A hornet (Swamp:2)
  A spriggan (Swamp:2)
  A yak (Lair:4)
  A swamp drake (Swamp:2)
  7 wolves (Lair:4)
  A hobgoblin zombie (Ossuary)
17 creatures vanquished.

Vanquished Creatures (others)
  A fire dragon (Volcano)
  A blink frog (Lair:2)
  A fire bat (Volcano)
  5 fungi (Lair:6)
  4 plants
12 creatures vanquished.

Grand Total: 717 creatures vanquished
